 Dungeon Crawl Stone Soup version 0.29-a0-791-ga0f254aafb (webtiles) character file.

Game seed: 9711864842661883734

135 Malachi the Trooper (level 4, -1/36 HPs)
             Began as a Demonspawn Abyssal Knight on July 3, 2022.
             Was a Priest of Lugonu.
             Slain by a gnoll
             ... wielding a +2 whip of flaming
             ... led by a bouda
              (2 damage)
             ... on level 3 of the Dungeon.
             The game lasted 00:03:40 (3398 turns).

Malachi the Trooper (Demonspawn Abyssal Knight)     Turns: 3398, Time: 00:03:41

Health: -1/36      AC:  3    Str: 14    XL:     4   Next: 96%
Magic:  5/5        EV: 11    Int: 13    God:    Lugonu [***...]
Gold:   123        SH:  0    Dex: 15    Spells: 3/3 levels left

rFire   . . .      SeeInvis .   o - +0 sling
rCold   . . .      Faith    .   (no shield)
rNeg    . . .      Spirit   .   b - +0 leather armour
rPois   .          Reflect  .   (helmet restricted)
rElec   .          Harm     .   (no cloak)
rCorr   .          Rampage  .   (no gloves)
Will    .....                   (no boots)
Stlth   +.........              (no amulet)
HPRegen 0.12/turn               (no ring)
MPRegen 0.09/turn               (no ring)

@: no status effects
A: antennae 1, demonic guardian 1, big brain 1
a: Renounce Religion, Depart the Abyss, Bend Space, Banish


You were on level 3 of the Dungeon.
You worshipped Lugonu.
Lugonu was most pleased with you.
You visited 1 branch of the dungeon, and saw 3 of its levels.
You visited the Abyss 1 time.

You collected 123 gold pieces.

Inventory:

Hand Weapons
 a - a +1 hand axe
 o - a +0 sling (weapon)
Armour
 b - a +0 leather armour (worn)
Jewellery
 s - a ring of wizardry
Wands
 l - a wand of polymorph (5)
Scrolls
 c - a scroll of fear {unknown}
 h - 2 scrolls of identify {unknown}
 j - a scroll of immolation {unknown}
 n - 2 scrolls of enchant armour {unknown}
 r - 2 scrolls of enchant weapon {unknown}
 t - a scroll of noise {unknown}
Potions
 d - 2 potions of curing {unknown}
 e - 2 potions of brilliance {unknown}
 f - a potion of haste {unknown}
 g - 2 potions of mutation {unknown}
 i - a potion of might {unknown}
 k - a potion of lignification {unknown}
 m - a potion of cancellation {unknown}
 p - a potion of attraction {unknown}
 q - a potion of magic {unknown}
 u - a potion of flight {unknown}


   Skills:
 - Level 3.6 Fighting
 - Level 3.4 Axes
 * Level 2.0 Ranged Weapons
 - Level 1.9 Armour
 - Level 0.8 Dodging
 - Level 2.6 Invocations


You had 3 spell levels left.
You didn't know any spells.
Your spell library contained the following spells:

 Spells                   Type           Power      Damage    Failure   Level
 Beastly Appendage        Tmut           0%         N/A       36%         1
 Wereblood                Tmut           0%         N/A       50%         2
 Spider Form              Tmut/Pois      0%         N/A       75%         3


Dungeon Overview and Level Annotations

Branches:
Dungeon (3/15)

Altars:

Shops:
D:1 =*


Innate Abilities, Weirdness & Mutations

You have a pair of small antennae on your head.
A weak demonic guardian rushes to your aid.
You have an unusually large brain. (Int +2)


Message History

The gnolls pick up the pace!
Your quasit barely misses the bouda.
Your quasit claws the bouda but does no damage. x2
The gnoll attacks as you move away! The gnoll barely misses you.
Your quasit bites the bouda but does no damage.
Your quasit claws the bouda but does no damage.
Your quasit completely misses the bouda.
Your quasit bites the gnoll.
Your quasit claws the gnoll. x2
The gnoll hits you but does no damage. The gnoll attacks as you move away!
The gnoll hits you but does no damage.
Your quasit bites the gnoll.
Your quasit claws the gnoll.
Your quasit claws the gnoll but does no damage.
You are too injured to fight recklessly!
You are too injured to fight recklessly!
Your quasit barely misses the gnoll.
Your quasit claws the gnoll.
Your quasit misses the gnoll. The gnoll barely misses your quasit.
The bouda calls upon its god to heal the gnoll.
The gnoll is healed somewhat.
Your quasit closely misses the gnoll.
Your quasit claws the gnoll but does no damage.
Your quasit claws the gnoll.
The gnoll hits you but does no damage. What are your orders? t - Shout!
Orders for allies: a - Attack new target. p - Attack previous target. r - Retreat! s - Stop attacking. g - Guard the area. f - Follow me.
Anything else - Cancel.
Gang up on whom?
Press: ? - help, Dir - move target, f/p - bouda
Aim: a bouda, wielding a +0 whip and wearing a +0 robe (lightly wounded, ally target) Attack!
Your quasit barely misses the gnoll. x3
The gnoll hits you with a +0 whip!
* * * LOW HITPOINT WARNING * * *
The gnoll attacks as you move away! The gnoll closely misses you.
The gnoll barely misses you.
Your quasit disappears in a puff of smoke!
The gnoll hits you with a +2 whip of flaming!
* * * LOW HITPOINT WARNING * * *
A demonic guardian appears!
The gnoll burns you.
You die...

#......####.# #...........#
#......####)# #.#...## #.# . ...
#.##.## #.######.g... #.####
#........... #######.##
#.####.....: .........# ##.## #.#
#.# #######..# ##@..###.# .#
##### #..# #.#g#.##.###.#.#.#
...<###..######5gg.ยง......)....#
................#.#.##.##?.#.###
###.##.#.#######...###.#.....#
#.#....# ##.## #.#..#### ######.#
#.# #.#.$# ## #.# #.#... #.#
#...<#


You could see 2 gnolls and a friendly ufetubus (summoned, wandering).

Vanquished Creatures
  Robin (D:2)
  A gnoll (D:3)
  2 adders
  3 worms (D:2)
  A dart slug (D:2)
  An orc (D:3)
  4 bats
  4 endoplasms
  2 giant cockroaches
  14 goblins
  9 hobgoblins
  3 jackals (D:1)
  A kobold (D:1)
  3 quokkas
  8 ball pythons
  3 frilled lizards
  3 rats
  A spectral kobold (D:1)
64 creatures vanquished.

Vanquished Creatures (collateral kills)
  An adder (D:2)
  A goblin (D:2)
  A frilled lizard (D:2)
3 creatures vanquished.

Grand Total: 67 creatures vanquished

Notes
Turn   | Place    | Note
-------+----------+-------------------------------------------
     0 | Abyss:1  | Malachi the Demonspawn Abyssal Knight began the quest for
                  | the Orb.
     0 | Abyss:1  | Reached XP level 1. HP: 18/18 MP: 2/2
    49 | Abyss:1  | Noticed a raiju
    63 | D:1      | Escaped the Abyss
   448 | D:1      | Gained mutation: You have an unusually large brain. (Int
                  | +2) [demonic ancestry]
   448 | D:1      | Reached XP level 2. HP: 22/24 MP: 3/3
   689 | D:1      | Reached ** piety under Lugonu
  1007 | D:1      | Found Jodua's Assorted Antiques.
  1112 | D:1      | Found a faded altar of an unknown god.
  1429 | D:1      | Found Mofaf's Jewellery Emporium.
  1634 | D:2      | Gained mutation: A weak demonic guardian rushes to your
                  | aid. [demonic ancestry]
  1634 | D:2      | Reached XP level 3. HP: 24/29 MP: 4/4
  2001 | D:2      | Noticed Robin
  2017 | D:2      | Killed Robin
  2018 | D:2      | Gained mutation: You have a pair of small antennae on your
                  | head. [demonic ancestry]
  2018 | D:2      | Reached XP level 4. HP: 13/35 MP: 5/5
  2933 | D:2      | Reached skill level 1 in Ranged Weapons
  3016 | D:2      | Reached *** piety under Lugonu
  3398 | D:3      | HP: 1/36 [gnoll/+2 whip of flaming[a bouda] (7)]
  3398 | D:3      | Slain by a gnoll

Illustrated notes

Levels and vault maps discovered:
D:1:      elethiomel_arrival_quiet, layout_rooms,
          dreamdust_ecumenical_altar_drowned_temple, serial_shops,
          nicolae_shop_behind_doors, nicolae_shop_statue_plus
D:2:      minmay_razor_zed, layout_basic, uniq_robin
D:3:      kennysheep_big_flooded_room, layout_loops_ring, serial_shops,
          nicolae_shop_advertising_works [nicolae_subvault_shop_adworks],
          grunt_decor_junction

Skill      XL: |  1  2  3  4 |
---------------+-------------+-----
Axes           | 2 3 |  3.4
Ranged Weapons | 2 |  2.0
Fighting       | |  3.6
Armour         | |  1.9
Dodging        | |  0.8
Invocations    | |  2.6

Action                   |  1- 3 |  4- 6 || total
-------------------------+-------+-------++-------
Melee: Hand axe          |   129 |    13 ||   142
       Punch             |     1 |       ||     1
 Fire: Sling             |       |    86 ||    86
Invok: Depart the Abyss  |     1 |       ||     1
 Stab: Sleeping          |     1 |       ||     1
Armor: Leather armour    |    35 |    27 ||    62
Dodge: Dodged            |    93 |    50 ||   143

Table legend: (Time is in decaauts)
 A = Elapsed time spent in this place.
 B = Non-inter-level travel time spent in this place.
 C = Inter-level travel time spent in this place.
 D = Time resting spent in this place.
 E = Time spent auto-exploring this place.
 F = Levels seen in this place.
 G = Mean time per level.
                   A        B        C        D        E       F      G
               +--------+--------+--------+--------+--------+-----+--------+
         Total |   3460 |   3408 |     52 |    554 |   2359 |   4 |  865.0 |
       Dungeon |   3397 |   3345 |     52 |    554 |   2310 |   3 | 1132.3 |
         Abyss |     63 |     63 |      0 |      0 |     49 |   1 |   63.0 |
               +--------+--------+--------+--------+--------+-----+--------+

Top non-repeatable levels by time:
     D:2: 1794 daAuts
     D:1: 1470 daAuts
     D:3: 131 daAuts
 Abyss:1: 63 daAuts
